 Dungeon Crawl Stone Soup version 0.17.1-1-g73c8601 (webtiles) character file.

4232 JustSomeDude the Covert (level 10, -3/75 HPs)
             Began as a Demonspawn Assassin on Dec 17, 2015.
             Was a Follower of Dithmenos.
             Slain by a black mamba (15 damage)
             ... on level 1 of the Lair of Beasts.
             The game lasted 00:47:16 (7378 turns).

JustSomeDude the Covert (Demonspawn Assassin)       Turns: 7378, Time: 00:47:16

Health: -3/75      AC:  7    Str: 17    XL:     10   Next: 9%
Magic:  0/10       EV: 17    Int: 12    God:    Dithmenos [*.....]
Gold:   342        SH:  0    Dex: 17    Spells: 0 memorised, 9 levels left

rFire  . . .     SeeInvis .     n - +2 short sword (vamp)
rCold  + . .     Clarity  .     c - +0 robe
rNeg   . . .     SustAt   .     (no shield)
rPois  +         Gourm    .     (helmet restricted)
rElec  +         Spirit   +     d - +1 cloak
rCorr  .         Warding  .     Q - -1 pair of gloves of Divine Compulsion {rElec rPois rC+ Str+4}
rMut   .         Rnd*Tele +     (no boots)
MR     .....                    (no amulet)
Stlth  ++++++++..               H - ring of teleportation (curse)
                                p - ring of stealth

@: very slightly contaminated, wreathed by umbra, not resistant to hostile
enchantments, extraordinarily stealthy
A: horns 2, molten scales 2, nightstalker 1, magic shield
a: Renounce Religion, Evoke Teleportation


You were on level 1 of the Lair of Beasts.
You worshipped Dithmenos.
Dithmenos was aware of your devotion.
You were not hungry.

You visited 3 branches of the dungeon, and saw 11 of its levels.
You also visited: Ice Cave.

You collected 342 gold pieces.

Inventory:

Hand Weapons
 a - a +2 dagger
 b - a +0 blowgun
 k - a +2 dagger of electrocution
 l - a cursed +0 shortbow
 n - a +2 vampiric short sword (weapon)
 D - a +0 dagger of speed
Missiles
 e - 38 poisoned needles
 f - 3 curare-tipped needles
 x - 13 arrows
 C - 9 tomahawks (quivered)
 F - 52 bolts
Armour
 c - a +0 robe (worn)
 d - a +1 cloak (worn)
 M - a +0 ring mail
 Q - the -1 pair of gloves of Divine Compulsion (worn) {rElec rPois rC+ Str+4}
   (You found it on level 7 of the Dungeon)

   It affects your strength (+4).
   It protects you from cold.
   It insulates you from electricity.
   It protects you from poison.
Jewellery
 p - a ring of stealth (left hand)
 q - an uncursed ring of ice
 y - an uncursed ring of see invisible
 H - a cursed ring of teleportation (right hand)
 J - an uncursed ring of fire {unknown}
 K - a cursed -3 ring of intelligence
Wands
 g - a wand of confusion (27)
 v - a wand of magic darts (27)
 z - a wand of lightning (5)
 E - a wand of disintegration (12)
 T - a wand of draining (0)
Scrolls
 i - 3 scrolls of remove curse
 o - a scroll of random uselessness
 G - a scroll of recharging
 P - 4 scrolls of identify
Potions
 I - a potion of curing
 O - a potion of brilliance
 R - a potion of poison
Books
 L - a Necronomicon

   Spells                             Type                      Level
   a - Haunt                          Necromancy/Summoning         7
   b - Borgnjor's Revivification      Necromancy                   8
   c - Death's Door                   Charms/Necromancy            8
   d - Necromutation                  Transmutation/Necromancy     8
 S - a book of the Earth

   Spells                             Type                      Level
   a - Leda's Liquefaction            Hexes/Earth                  4
   b - Bolt of Magma                  Conjuration/Fire/Earth       5
   c - Statue Form                    Transmutation/Earth          6
   d - Iron Shot                      Conjuration/Earth            6
   e - Shatter                        Earth                        9
Comestibles
 A - 2 bread rations
 B - 2 meat rations
 N - a beef jerky


   Skills:
 + Level 5.6 Fighting
 + Level 4.7 Short Blades
 + Level 2.4 Throwing
 + Level 8.4 Dodging
 + Level 9.5 Stealth


You had 9 spell levels left.
You didn't know any spells.

Dungeon Overview and Level Annotations

Branches:
Dungeon (8/15)             Temple (1/1) D:5            Lair (2/8) D:8

Altars:
Ashenzari
Cheibriados
Dithmenos
Elyvilon
Gozag
Kikubaaqudgha
Makhleb
Nemelex Xobeh
Okawaru
Qazlal
Sif Muna
Trog
Xom
Yredelemnul
Zin

Shops:
D:4 }

Annotations:
Lair:1 Harold


Innate Abilities, Weirdness & Mutations

You have a pair of horns on your head.
You are mostly covered in molten scales (AC +3, EV -1).
You are slightly more attuned to the shadows.
When hurt, damage is shared between your health and your magic reserves.


Message History

* * * LOW HITPOINT WARNING * * *
The black mamba completely misses you.
You continue eating.
The black mamba barely misses you. The black mamba bites you.
* * * LOW HITPOINT WARNING * * *
You finish eating.
That royal jelly was delicious!
Really wield
n - a vampiric short sword?
Your +2 dagger of electrocution stops crackling.
You feel a dreadful hunger.
n - a +2 vampiric short sword (weapon)
The black mamba barely misses you.
You hit the black mamba.
You feel better.
You headbutt the black mamba, but do no damage.
The black mamba is moderately wounded.
The black mamba barely misses you.
You hit the black mamba but do no damage.
You headbutt the black mamba.
The black mamba is heavily wounded.
The black mamba closely misses you. The black mamba bites you!
You die...

.. #.###..#
..###.#P...##
............#
............#
......(.....#
............#
......?>..lS##
........h..#@#
#.≈≈≈§.#...###
.h≈##≈.....#
.. #≈.....# h
≈≈...###
§!..P##


You could see a black mamba and an iguana.

Vanquished Creatures
  A spiny frog (Lair:1)
  A fire drake (D:8)
  4 blink frogs (Lair:1)
  A wyvern (D:6)
  A hippogriff (D:7)
  Edmund (D:6)
  5 wolves (Lair:1)
  2 sky beasts (D:7)
  2 water moccasins
  A phantom (D:7)
  An orc warrior (D:6)
  A centaur (D:6)
  2 ogres
  A big kobold (D:7)
  A crocodile (Lair:1)
  3 giant frogs
  2 crimson imps (D:5)
  A centaur skeleton (D:6)
  4 orc priests
  6 orc wizards
  3 hounds
  2 iguanas
  5 worker ants
  A hound skeleton (D:5)
  A worker ant zombie (D:6)
  6 adders
  2 oozes (D:3)
  An adder zombie (D:5)
  3 worms
  An adder skeleton (D:6)
  7 giant geckos
  25 orcs
  5 giant cockroaches
  7 goblins
  7 hobgoblins
  9 jackals
  9 kobolds
  2 quokkas
  A ball python (D:4)
  3 bats
  A giant gecko skeleton (D:4)
  2 giant newts
  A jackal skeleton (D:5)
  A jackal zombie (D:5)
  A quokka skeleton (D:7)
  5 rats
152 creatures vanquished.

Vanquished Creatures (others)
  A fungus (Lair:1)
1 creature vanquished.

Grand Total: 153 creatures vanquished

Notes
Turn   | Place    | Note
--------------------------------------------------------------
     0 | D:1      | JustSomeDude the Demonspawn Assassin began the quest for the Orb.
     0 | D:1      | Reached XP level 1. HP: 16/16 MP: 1/1
   385 | D:1      | Reached skill level 1 in Dodging
   538 | D:1      | Gained mutation: You have a pair of small horns on your head. [demonic ancestry]
   538 | D:1      | Reached XP level 2. HP: 15/22 MP: 2/2
   706 | D:1      | Reached skill level 4 in Stealth
  1103 | D:2      | Gained mutation: You have a pair of horns on your head. [demonic ancestry]
  1103 | D:2      | Reached XP level 3. HP: 3/27 MP: 3/3
  1502 | D:2      | Found a stormy altar of Qazlal.
  1523 | D:2      | Found a shattered altar of Ashenzari.
  2271 | D:3      | Gained mutation: When hurt, damage is shared between your health and your magic reserves. [demonic ancestry]
  2271 | D:3      | Reached XP level 4. HP: 30/34 MP: 4/4
  2404 | D:4      | Found Xudaor's Gadget Shop.
  2613 | D:4      | Gained mutation: You are slightly more attuned to the shadows. [demonic ancestry]
  2613 | D:4      | Reached XP level 5. HP: 39/39 MP: 5/5
  2756 | D:4      | Found a deep blue altar of Sif Muna.
  2759 | D:4      | Reached skill level 5 in Stealth
  2760 | D:4      | Found a white marble altar of Elyvilon.
  2812 | D:4      | Found a sparkling altar of Nemelex Xobeh.
  2812 | D:4      | Found a shimmering altar of Xom.
  2813 | D:4      | Found a snail-covered altar of Cheibriados.
  3362 | D:5      | Entered Level 5 of the Dungeon
  3437 | D:5      | Noticed a hungry ghost
  3478 | D:5      | Reached XP level 6. HP: 46/46 MP: 6/6
  3579 | D:5      | Found a staircase to the Ecumenical Temple.
  3605 | Temple   | Entered the Ecumenical Temple
  3780 | Temple   | Became a worshipper of Dithmenos the Shadowed
  4080 | D:5      | Reached skill level 6 in Stealth
  4368 | D:6      | Gained mutation: You are partially covered in molten scales (AC +1). [demonic ancestry]
  4368 | D:6      | Reached XP level 7. HP: 52/52 MP: 7/7
  4547 | D:6      | Noticed a wyvern
  4556 | D:6      | Killed a wyvern
  4556 | D:6      | Reached skill level 5 in Dodging
  4739 | D:6      | Noticed Edmund
  4746 | D:6      | Reached XP level 8. HP: 49/60 MP: 8/8
  4760 | D:6      | Killed Edmund
  4760 | D:6      | Reached skill level 7 in Stealth
  5308 | D:7      | Got a pair of steaming gloves
  5356 | D:7      | Reached * piety under Dithmenos
  5580 | D:7      | Reached skill level 8 in Stealth
  5855 | D:7      | Reached XP level 9. HP: 57/66 MP: 9/9
  6139 | D:8      | Found a staircase to the Lair.
  6139 | D:8      | Noticed a fire drake
  6492 | D:8      | Killed a fire drake
  6723 | Lair:1   | Entered Level 1 of the Lair of Beasts
  6740 | Lair:1   | Reached skill level 5 in Fighting
  6764 | Lair:1   | Reached skill level 9 in Stealth
  6812 | Lair:1   | Noticed a spiny frog
  6825 | Lair:1   | Killed a spiny frog
  6934 | Lair:1   | Found a frozen archway.
  6946 | IceCv    | Entered an ice cave
  6946 | IceCv    | Noticed Nicoed's ghost (journeyman OpTm)
  6989 | Lair:2   | Noticed an elephant
  6990 | Lair:2   | Noticed an elephant
  6995 | Lair:2   | Noticed an elephant
  6997 | Lair:2   | Noticed an elephant
  6999 | Lair:2   | Noticed an elephant
  7207 | Lair:2   | Noticed a spiny frog
  7256 | Lair:2   | Noticed an elephant
  7325 | Lair:1   | Noticed a black mamba
  7332 | Lair:1   | Noticed Harold
  7338 | Lair:1   | Identified the -1 pair of gloves of Divine Compulsion {rElec rPois rC+ Str+4} (You found it on level 7 of the Dungeon)
  7357 | Lair:1   | Gained mutation: You are mostly covered in molten scales (AC +3, EV -1). [demonic ancestry]
  7357 | Lair:1   | Reached XP level 10. HP: 33/74 MP: 4/10
  7378 | Lair:1   | Slain by a black mamba

Action                   |  1- 3 |  4- 6 |  7- 9 | 10-12 || total
-------------------------+-------+-------+-------+-------++-------
Melee: Dagger            |   127 |   119 |   287 |     9 ||   542
       Short sword       |       |       |       |     2 ||     2
 Fire: Blowgun           |       |       |     4 |       ||     4
Throw: Tomahawk          |       |       |     5 |       ||     5
Evoke: Wand              |       |       |       |     3 ||     3
  Use: Scroll            |     6 |    10 |     8 |       ||    24
       Potion            |       |     4 |    12 |       ||    16
 Stab: Sleeping          |     9 |     7 |    20 |       ||    36
       Distracted        |       |     1 |     4 |       ||     5
  Eat: Bread ration      |     1 |     2 |     2 |       ||     5
       Beef jerky        |       |     1 |       |       ||     1
       Royal jelly       |       |       |       |     1 ||     1
